 Dungeon Crawl Stone Soup version 0.31-a0-233-g139696dc86 (webtiles) character file.

Game seed: 14411843949748292859

253 Decritt the Trooper (level 6, -10/40 HPs)
             Began as a Gargoyle Fighter on July 9, 2023.
             Killed by divine providence
             ... invoked by an orc priest
              (15 damage)
             ... on level 3 of the Dungeon.
             The game lasted 00:03:46 (2227 turns).

Decritt the Trooper (Gargoyle Fighter)              Turns: 2227, Time: 00:03:47

Health: -10/40     AC: 15    Str: 21    XL:     6   Next: 14%
Magic:  6/6        EV: 13    Int:  9    God:
Gold:   102        SH:  4    Dex:  9    Spells: 5/5 levels left

rFire   . . .        q - +0 morningstar
rCold   + . .        c - +0 buckler
rNeg    + . .        l - +0 chain mail
rPois   ∞            (no helmet)
rElec   +            (no cloak)
rCorr   .            r - +0 pair of gloves
SInv    .            (no boots)
Will    .....        (no amulet) Stlth
                     i - +5 ring of evasion
HPRegen 0.26/turn    n - ring of protection from cold
MPRegen 0.10/turn

%: no passive effects
@: mighty
A: sickness immunity, AC +4, negative energy resistance 1, electricity
resistance, torment resistance 1, petrification resistance
a: no special abilities


You were on level 3 of the Dungeon.
You visited 1 branch of the dungeon, and saw 3 of its levels.

You collected 102 gold pieces.

Inventory:

Hand Weapons
 a - a +0 flail
 j - a +1 spear of flaming
 q - a +0 morningstar (weapon)
Armour
 b - a +0 scale mail
 c - a +0 buckler (worn)
 l - a +0 chain mail (worn)
 r - a +0 pair of gloves (worn)
Jewellery
 i - a +5 ring of evasion (left hand)
 n - a ring of protection from cold (right hand)
Scrolls
 e - 3 scrolls of identify {unknown}
 f - a scroll of enchant armour {unknown}
 h - a scroll of enchant weapon {unknown}
 k - 4 scrolls of fear {unknown}
 m - a scroll of revelation {unknown}
 p - a scroll of poison {unknown}
Potions
 g - a potion of brilliance {unknown}
 o - a potion of heal wounds {unknown}


   Skills:
 * Level 5.0 Fighting
 * Level 3.9 Maces & Flails
 + Level 4.1 Armour
 + Level 4.1 Shields


You had 5 spell levels left.
You didn't know any spells.
Your spell library was empty.

Dungeon Overview and Level Annotations

Branches:
Dungeon (3/15)

Altars:

Shops:
D:1 [


Innate Abilities, Weirdness & Mutations

You are immune to sickness and miasma.
Your stone body is resilient. (AC +4)
You are immune to poison.
You resist negative energy. (rN+)
You are resistant to electric shocks. (rElec)
You are resistant to unholy torment.
You are immune to petrification.


Message History

You now have 102 gold pieces (gained 15).
Things that are here:
a +0 short sword; a +0 scale mail An orc is nearby!
The orc zaps a wand.
You resist with some effort. The orc hits you but does no damage.
You barely miss the orc. The orc hits you with a +0 club.
The orc completely misses you.
You barely miss the orc. The orc hits you but does no damage.
You hit the orc.
The orc is heavily wounded.
The orc hits you but does no damage. The orc closely misses you.
You hit the orc but do no damage.
The orc is heavily wounded.
The orc hits you but does no damage.
The orc priest invokes the aid of Beogh against you.
Beogh smites you!
* * * LOW HITPOINT WARNING * * *
You barely miss the orc.
The orc is heavily wounded.
The orc misses you.
The orc priest mumbles some strange prayers to Beogh against you.
Beogh smites you!
* * * LOW HITPOINT WARNING * * *
You feel very mighty all of a sudden. The orc misses you.
You hit the orc but do no damage.
The orc is heavily wounded.
You block the orc's attack. The orc hits you but does no damage.
The orc priest calls upon Beogh to heal the orc.
The orc's wounds heal themselves!
You puncture the orc!
You kill the orc!
You barely miss the orc priest. The orc priest barely misses you.
You sock the orc priest!
The orc priest is almost dead.
The orc priest looks braver for a moment.
The orc priest calls down the wrath of Beogh upon you.
Beogh smites you!
You die...

##.....## #.#
#.......#.#.# ##
#..####.#.#.. .
###..##.......#.#
#...........#.#.
#.#..#..#......
#.#..#.....##.# #
#........##.#####
##.##........@o.#
#.##.##.######.#
#.......# #.#
#.......# ##.####
#.......# #.....#
#.......# #..##.#
#.......#
###..##.##
#.......#
#........#
#.......#
#...#.#..#


You could see an orc priest.

Vanquished Creatures
  Sigmund (D:2)
  An orc wizard (D:3)
  2 adders (D:2)
  A worm (D:3)
  2 dart slugs
  4 orcs (D:3)
  4 ball pythons (D:2)
  2 bats
  3 endoplasms
  A giant cockroach (D:2)
  4 hobgoblins (D:1)
  A quokka (D:1)
  3 frilled lizards
  2 goblins
  9 kobolds
  4 rats
44 creatures vanquished.

Notes
Turn   | Place    | Note
-------+----------+-------------------------------------------
     0 | D:1      | Decritt the Gargoyle Fighter began the quest for the Orb.
     0 | D:1      | Reached XP level 1. HP: 14/14 MP: 1/1
   166 | D:1      | Reached XP level 2. HP: 14/19 MP: 2/2
   496 | D:1      | Found Aliediyl's Armour Shop.
   801 | D:1      | Found a faded altar of an unknown god.
   931 | D:2      | Reached XP level 3. HP: 24/24 MP: 3/3
  1128 | D:2      | Reached skill level 4 in Fighting
  1168 | D:2      | Noticed Sigmund
  1202 | D:2      | Killed Sigmund
  1203 | D:2      | Reached XP level 4. HP: 26/30 MP: 4/4
  1203 | D:2      | Reached XP level 5. HP: 29/34 MP: 5/5
  1984 | D:3      | Reached XP level 6. HP: 23/40 MP: 6/6
  1994 | D:3      | Reached skill level 5 in Fighting
  2227 | D:3      | Killed from afar by an orc priest

Illustrated notes

Levels and vault maps discovered:
D:1:      sevenhm_arrival_forest_fort_small_5, layout_loops_ring, serial_shops,
          shop, basic_ecumenical_altar, ebering_dispersal_statue_hall,
          minmay_vboxes
D:2:      minmay_skewed_foursquare, layout_loops_corners, uniq_sigmund
D:3:      layout_loops_cross, uniq_jessica

Skill      XL: |  1  2  3  4  5  6 |
---------------+-------------------+-----
Fighting       | 4 5 |  5.0
Maces & Flails | 3 |  3.9
Armour         | 4 |  4.1
Shields        | 4 |  4.1

Action                     |  1- 3 |  4- 6 || total
---------------------------+-------+-------++-------
  Melee: Flail             |    83 |       ||    83
         Spear             |    38 |    49 ||    87
         Morningstar       |       |    12 ||    12
         Unarmed           |       |    12 ||    12
    Use: Potion            |       |     1 ||     1
 Armour: Scale mail        |    73 |     3 ||    76
         Chain mail        |       |    22 ||    22
  Dodge: Dodged            |    66 |    25 ||    91
  Block: Buckler           |    26 |     7 ||    33

Table legend: (Time is in decaauts)
 A = Elapsed time spent in this place.
 B = Non-inter-level travel time spent in this place.
 C = Inter-level travel time spent in this place.
 D = Time resting spent in this place.
 E = Time spent auto-exploring this place.
 F = Levels seen in this place.
 G = Mean time per level.
                   A        B        C        D        E       F      G
               +--------+--------+--------+--------+--------+-----+--------+
         Total |   2248 |   2146 |    102 |      9 |   1618 |   3 |  749.3 |
       Dungeon |   2248 |   2146 |    102 |      9 |   1618 |   3 |  749.3 |
               +--------+--------+--------+--------+--------+-----+--------+

Top non-repeatable levels by time:
     D:2: 965 daAuts
     D:1: 882 daAuts
     D:3: 400 daAuts
